[Event "NOR-ch Elite 2017"]
[Site "Stavanger"]
[Date "2017.07.03"]
[Round "4"]
[White "Risting, Eivind Olav"]
[Black "Holm, Kristian Stuvik"]
[Result "1/2-1/2"]
[ECO "D70"]
[WhiteElo "2307"]
[BlackElo "2403"]
[Annotator "ChessBase"]
[PlyCount "28"]
[EventDate "2017.??.??"]
[EventType "swiss"]
[EventCountry "NOR"]
[SourceTitle "playchess.com"]
[Source "ChessBase"]
[SourceQuality "1"]
[TimeControl "40/5400+30:1800+30"]

1. d4 Nf6 2. c4 g6 3. Nf3 Bg7 4. g3 b6 5. Bg2 Bb7 6. O-O O-O 7. Nc3 Ne4 8. Bd2 Nxc3 9. Bxc3 Be4 10. Qd2 c6 11. Rac1 d5 12. b3 a5 13. Rfd1 Nd7 14. Qf4 e6 1/2-1/2

[Event "NOR-ch Elite 2017"]
[Site "Stavanger"]
[Date "2017.07.03"]
[Round "4"]
[White "Aulin-Jansson, Joran"]
[Black "Machlik, Endre"]
[Result "1-0"]
[ECO "B10"]
[WhiteElo "2267"]
[BlackElo "2157"]
[Annotator "NA"]
[PlyCount "59"]
[EventDate "2017.??.??"]
[EventType "swiss"]
[EventCountry "NOR"]
[SourceTitle "playchess.com"]
[Source "ChessBase"]
[SourceQuality "1"]
[TimeControl "40/5400+30:1800+30"]

1. e4 c6 2. Nc3 d5 3. d3 e5 4. g3 {[%emt 0:01:16] B11: Caro-Kann: Two Knights Variation} Nf6 5. Bg2 {[%emt 0:00:07] LiveBook: 14 Games} Be6 (5... dxe4 6. dxe4 Qxd1+ 7. Nxd1 Be6 8. f3 Na6 9. a3 Nd7 10. Be3 Bc5 11. Ne2 Ke7 12. Kf2 {½-½ (33) Lu,S (2620)-Wang,Y (2706) China 2017}) 6. Nf3 Bd6 7. O-O (7. d4 $5 ) 7... O-O (7... d4 $5 8. Ne2 c5 $15) 8. Ng5 $146 (8. d4 $5 ) ({Predecessor:} 8. Bg5 Nbd7 9. d4 Rc8 10. dxe5 Nxe5 11. exd5 cxd5 12. Bxf6 Qxf6 13. Nxd5 Bxd5 14. Qxd5 Rxc2 15. Qxb7 Rxb2 {0-1 (21) Safi,M-Joshi,G (1972) ICCF email 2012}) 8... Bg4 9. f3 Bc8 10. f4 h6 11. Nh3 Qb6+ 12. Kh1 Rd8 ({Black should play} 12... d4 $15 13. Ne2 Bg4) 13. f5 Bb4 (13... d4 $5 14. Nb1 Qc7 $15) 14. Nf2 Na6 (14... d4 $15 {keeps the upper hand.} 15. Ne2 Be7) 15. Ng4 Nxg4 16. Qxg4 Kf8 (16... Rd6 $16 {was called for.}) 17. Qh4 Be7 $2 {[%emt 0:01:20] [#]} (17... d4) 18. f6 $1 Bxf6 19. Rxf6 gxf6 20. Qxf6 Be6 21. Bxh6+ Ke8 22. Bg5 Qc7 $2 (22... Qc5 23. Rf1 Nc7 24. exd5 cxd5 25. Qxe5 b6) 23. exd5 cxd5 24. Nb5 Qc5 25. d4 exd4 26. Nxd4 Nc7 27. Re1 Kd7 28. c4 Rf8 $18 29. cxd5 Nxd5 30. Nxe6 1-0

[Event "NOR-ch Elite 2017"]
[Site "Stavanger"]
[Date "2017.07.06"]
[Round "7"]
[White "Tryggestad, Andreas Garberg"]
[Black "Haldorsen, Benjamin"]
[Result "1/2-1/2"]
[ECO "D26"]
[WhiteElo "2324"]
[BlackElo "2370"]
[Annotator "NA"]
[PlyCount "201"]
[EventDate "2017.??.??"]
[EventType "swiss"]
[EventCountry "NOR"]
[SourceTitle "playchess.com"]
[Source "ChessBase"]
[SourceQuality "1"]
[TimeControl "40/5400+30:1800+30"]

1. d4 d5 2. c4 dxc4 3. Nf3 Nf6 4. e3 e6 5. Bxc4 a6 6. a4 c5 7. O-O Nc6 8. Nc3 Be7 9. Qe2 O-O 10. Rd1 Qc7 11. dxc5 Bxc5 12. Bd2 {[%emt 0:00:18] D27: Queen's Gambit Accepted: Classical main line: 7 e4!? and 7 a4} b6 13. Rac1 (13. Bd3 Bb7 14. Ne4 Nxe4 15. Bxe4 f5 16. Bc2 Rae8 17. Bc3 h6 18. Bd3 a5 19. Bb5 Kh7 20. Rac1 Rd8 21. Qc4 Qe7 {1-0 (44) Lysyj,I (2595)-Timofeev,A (2664) Dagomys 2008}) 13... Bb7 14. Be1 Ne5 15. Nxe5 Qxe5 16. Nb1 $146 ({Predecessor:} 16. h3 h5 17. Kh1 g5 18. Nb1 Qe4 19. Qf1 a5 {0-1 (32) Faizrakhmanov,R (2190)-Skomorokhin,R (2376) Kazan 2012}) 16... a5 17. Bc3 Qg5 18. Qf1 e5 (18... Ng4 $17 19. Re1 Rac8) 19. Nd2 Ng4 20. Re1 $1 Rad8 21. Nb3 (21. h3 $11 Nf6 22. Ba6) 21... Bd6 ({Black should play} 21... Qh4 $17 22. h3 {[#]} Nxf2 $1 23. Qxf2 Qxc4 24. Nxc5 Qxc5) 22. h3 Nf6 23. Red1 Ne4 24. Bd5 Nxc3 25. Rxc3 Bc8 26. e4 Bb4 27. Rg3 Qh5 28. Rf3 Rd6 29. Nd2 Rg6 30. Kh2 $2 (30. Qc4 $11 Rf6 31. Qb3) 30... Bg4 $1 31. Qc4 Bxf3 32. Nxf3 Rd6 33. Qc7 ({Better is} 33. Qc1) 33... Bc5 34. Rd2 {[%emt 0:11:50] [#]} Qh6 $1 35. Kg1 Qf6 36. Rc2 g6 37. Rxc5 bxc5 38. Qxc5 {[%emt 0:00:06] [#]} Rxd5 $1 39. Qxd5 Rd8 40. Qxe5 Qxe5 41. Nxe5 Rd1+ 42. Kh2 Rd4 43. b3 Rb4 44. Nc4 Rxb3 45. Nxa5 Rb4 46. f3 f6 47. Nc6 Rxa4 48. Ne7+ Kf7 49. Nd5 Ke6 50. Kg3 Ke5 51. Nc3 Ra3 52. Ne2 g5 53. Kf2 Kd6 54. Kg3 Kc5 55. h4 Ra2 56. Nc3 gxh4+ 57. Kh3 Ra1 58. Kxh4 Kd4 59. Nd5 {[%emt 0:04:58] [#]} f5 $1 60. Nf6 Ke5 61. Nd7+ Kd6 62. Nf6 Ke5 (62... Ke6 $5 63. Kg5 fxe4 64. Nxe4 Kf7 $15) 63. Nd7+ Ke6 64. Nc5+ Kd6 65. Nb3 $2 {[%emt 0:00:00] [#]} (65. Nd3 $11) 65... Ra2 $1 66. g3 fxe4 67. fxe4 Ke5 68. Nc5 Rc2 69. Nd7+ $19 Kxe4 70. Kg5 Rc7 71. Nf6+ Ke5 72. Nh5 Rc6 73. Nf4 h6+ 74. Kg4 Ke4 75. Kh5 Kf3 76. Ng6 Kxg3 77. Kxh6 Kg4 78. Kg7 Kg5 79. Ne7 Ra6 80. Kf7 Rf6+ 81. Ke8 Rf1 82. Kd7 Kf6 83. Nd5+ Ke5 84. Nc7 Rd1+ 85. Ke7 Rh1 86. Kd7 Rh6 87. Nb5 Rb6 88. Nc7 Rd6+ 89. Ke7 Rh6 90. Kd7 Kd4 91. Ne6+ Kd5 92. Nc7+ Kc5 93. Ne6+ Kb6 94. Kd6 Rh1 95. Nd4 Rd1 96. Kd5 Kc7 97. Kc5 Rh1 98. Kd5 Rh5+ 99. Ke4 Rh4+ 100. Kd5 Rxd4+ 101. Kxd4 1/2-1/2

[Event "NOR-ch Elite 2017"]
[Site "Stavanger"]
[Date "2017.07.06"]
[Round "7"]
[White "Machlik, Endre"]
[Black "Moen, Andreas"]
[Result "1/2-1/2"]
[ECO "D20"]
[WhiteElo "2157"]
[BlackElo "2329"]
[Annotator "NA"]
[PlyCount "122"]
[EventDate "2017.??.??"]
[EventType "swiss"]
[EventCountry "NOR"]
[SourceTitle "playchess.com"]
[Source "ChessBase"]
[SourceQuality "1"]
[TimeControl "40/5400+30:1800+30"]

1. d4 d5 2. c4 dxc4 3. e4 Nc6 4. d5 Ne5 5. Bf4 Ng6 6. Bg3 {[%emt 0:00:50] D20: Queen's Gambit Accepted: 3 e3 and 3 e4} (6. Be3 Nf6 7. Nc3 e5 8. f3 Bd6 9. Bxc4 O-O 10. Nge2 a6 11. a4 Nh5 12. O-O Nhf4 13. g3 Nxe2+ 14. Qxe2 {1-0 (41) Sanikidze,T (2520)-Malakhatko,V (2497) Ordu 2017}) 6... e5 7. Nc3 a6 8. Bxc4 Bd6 {[%emt 0:00:34] LiveBook: 7 Games} 9. Nf3 h5 10. h3 h4 11. Bh2 Nf6 12. O-O Nh5 13. Ne2 Qf6 14. Qd3 $146 Nhf4 15. Bxf4 Nxf4 16. Nxf4 Qxf4 17. Qd2 Qxd2 (17... g5 $5) 18. Nxd2 Bd7 19. Be2 g6 20. Nc4 Ke7 21. Nxd6 cxd6 22. Rac1 Rac8 23. f3 f5 24. Bd3 fxe4 25. Bxe4 g5 26. Kf2 a5 27. b3 b5 28. a3 Rc5 29. b4 axb4 30. axb4 Rxc1 31. Rxc1 Ra8 32. Rc2 Ra3 33. Rb2 Kd8 34. Ke2 Rc3 35. Bd3 Ra3 36. Kd2 Kc7 37. Kc2 Kb6 38. Rb3 Ra2+ 39. Rb2 Ra8 40. Kb3 Bc8 41. Be4 Bb7 42. Ra2 Rc8 43. Rc2 Rc4 44. Rxc4 bxc4+ 45. Kxc4 Ba6+ 46. Kc3 Bf1 47. f4 gxf4 48. Bf3 Kb5 49. Be4 Be2 50. Kb3 Bf1 $11 51. Kc3 Ka4 52. Bc2+ Ka3 53. Be4 Be2 54. Bf3 Bf1 55. Be4 Ka4 56. Bf3 Kb5 57. Be4 Be2 58. Kb3 Bd1+ 59. Kc3 Ka4 60. Kc4 Be2+ 61. Kc3 Kb5 1/2-1/2